 Dungeon Crawl Stone Soup version 0.23.2-1-ga50397a6bc (webtiles) character file.

Game seed: 5182351401449629328

2023 Foic the Covert (level 8, -21/66 HPs)
             Began as a Demigod Assassin on May 11, 2019.
             Demolished by an orc warrior
             ... wielding a +0 trident
              (36 damage)
             ... on level 7 of the Dungeon.
             The game lasted 00:33:40 (6413 turns).

Foic the Covert (Demigod Assassin)                  Turns: 6413, Time: 00:33:41

Health: -21/66     AC:  6    Str: 14    XL:     8   Next: 73%
Magic:  10/10      EV: 15    Int: 15    God:
Gold:   340        SH:  0    Dex: 21    Spells: 7/7 levels left

rFire    . . .     SeeInvis .   j - +0 short sword (venom)
rCold    . . .     Gourm    .   (no shield)
rNeg     . . .     Faith    .   c - +0 robe
rPois    .         Spirit   .   (no helmet)
rElec    .         Reflect  .   d - +0 cloak
rCorr    .         Harm     .   G - +2 pair of gloves
MR       .....                  (no boots)
Stlth    ++++......             J - amulet of regeneration
HPRegen  0.61/turn              (no ring)
MPRegen  0.12/turn              (no ring)

@: no status effects
A: high mp 1
a: no special abilities


You were on level 7 of the Dungeon.
You were not hungry.

You visited 1 branch of the dungeon, and saw 7 of its levels.

You collected 340 gold pieces.

Inventory:

Hand Weapons
 a - a +2 dagger
 b - a +0 blowgun
 j - a +0 short sword of venom (weapon)
 D - a +0 rapier
Missiles
 e - 8 poisoned needles
 f - 2 curare-tipped needles
 i - 305 stones (quivered)
Armour
 c - a +0 robe (worn)
 d - a +0 cloak (worn)
 h - a cursed +0 ring mail
 n - a +0 scale mail
 C - a +0 crystal plate armour
 G - a +2 pair of gloves (worn)
 K - a +0 leather armour
Jewellery
 w - an uncursed ring of ice
 J - an amulet of regeneration (around neck)
Wands
 L - a wand of acid (7)
Scrolls
 l - 5 scrolls of remove curse {unknown}
 m - a scroll of fear {unknown}
 o - 3 scrolls of teleportation
 q - 2 scrolls of enchant weapon {unknown}
 r - a scroll of identify
 t - a scroll of immolation {unknown}
 v - 3 scrolls of blinking {unknown}
 y - 4 scrolls of amnesia
 F - a scroll of enchant armour {unknown}
 H - a scroll of fog {unknown}
 I - a scroll of magic mapping {unknown}
Potions
 k - a potion of might
 s - 3 potions of lignification {unknown}
 u - 2 potions of cancellation {unknown}
 x - 2 potions of flight {unknown}
 z - a potion of magic {unknown}
 A - 2 potions of curing
 B - 2 potions of brilliance {unknown}
 E - 2 potions of heal wounds {unknown}
Comestibles
 g - 20 rations
 p - 4 chunks of flesh


   Skills:
 + Level 4.2 Fighting
 + Level 6.7 Short Blades
 - Level 1.7 Throwing
 + Level 3.8 Dodging
 * Level 8.1 Stealth


You had 7 spell levels left.
You didn't know any spells.
Your spell library was empty.

Dungeon Overview and Level Annotations

Branches:
Dungeon (7/15)
 Temple: D:4-7


Innate Abilities, Weirdness & Mutations

You have an increased reservoir of magic. (+10% MP)


Message History

The orc warrior misses you. The orc warrior completely misses you.
You see here a kobold corpse.
You closely miss the orc warrior. You closely miss the orc warrior.
The orc warrior closely misses you.
You closely miss the orc warrior.
The orc warrior drinks a potion.
The orc warrior seems to grow stronger.
You barely miss the orc warrior.
The orc warrior hits you with a +0 trident!
You barely miss the orc warrior.
You hit the orc warrior but do no damage.
The orc warrior hits you with a +0 trident!
You barely miss the orc warrior. The orc warrior misses you.
You hit the orc warrior but do no damage.
The orc warrior hits you from afar with a +0 trident!!
* * * LOW HITPOINT WARNING * * *
There is a stone staircase leading up here.
The orc warrior hits you from afar with a +0 trident!!!
Ouch! That really hurt!
You die...

.)..# #..###
##.$########....+
##....†...##..#
#+# #
###.#####.o...#
#(# .# # #.#
####..###.###.# #
#.#
#...h......#.#
#.#
#.##o#........
...
#.##..........
#.. #....@....##
#. ####....#.#
.......[÷..#
############


You could see an orc warrior and a jackal.

Vanquished Creatures
  A hippogriff (D:6)
  Sigmund (D:3)
  A hungry ghost (D:4)
  A black bear (D:6)
  A phantom (D:6)
  2 ogres
  A centaur (D:5)
  A big kobold (D:7)
  2 bullfrogs
  A howler monkey (D:4)
  3 crimson imps
  A hound (D:5)
  4 orc priests
  2 jellies (D:6)
  A centaur skeleton (D:5)
  5 orc wizards
  A bullfrog skeleton (D:6)
  An iguana (D:7)
  4 worker ants
  A hound zombie (D:5)
  A hound skeleton (D:4)
  4 gnolls
  8 adders
  A shadow imp (D:6)
  2 oozes
  3 adder skeletons
  4 worms
  2 dart slugs
  3 leopard geckos
  15 orcs
  3 giant cockroaches
  7 goblins
  5 hobgoblins
  A ball python (D:3)
  2 bats
  4 frilled lizards
  2 jackal skeletons
  11 kobolds
  A quokka zombie (D:4)
  11 rats
  A spectral orc (D:3)
126 creatures vanquished.

Notes
Turn   | Place    | Note
-------+----------+-------------------------------------------
     0 | D:1      | Foic the Demigod Assassin began the quest for the Orb.
     0 | D:1      | Reached XP level 1. HP: 17/17 MP: 3/3
    16 | D:1      | Reached skill level 1 in Dodging
   298 | D:1      | Reached XP level 2. HP: 24/24 MP: 4/4
   364 | D:1      | Reached skill level 4 in Stealth
   745 | D:2      | Reached XP level 3. HP: 21/29 MP: 5/5
  1089 | D:2      | Found a hide-covered altar of Uskayaw.
  1238 | D:2      | Reached XP level 4. HP: 32/36 MP: 6/6
  1695 | D:3      | Found an iron altar of Okawaru.
  1695 | D:3      | Found a bloodstained altar of Trog.
  1696 | D:3      | Noticed Sigmund
  1710 | D:3      | Killed Sigmund
  1710 | D:3      | Reached skill level 5 in Stealth
  1710 | D:3      | Reached XP level 5. HP: 27/42 MP: 7/7
  2100 | D:3      | Found a basalt altar of Yredelemnul.
  2431 | D:4      | Noticed an ogre
  2443 | D:3      | Reached XP level 6. HP: 36/50 MP: 8/8
  2681 | D:4      | Reached skill level 6 in Stealth
  3519 | D:4      | Reached XP level 7. HP: 45/56 MP: 9/9
  3947 | D:4      | Noticed a hungry ghost
  3977 | D:4      | Killed a hungry ghost
  4255 | D:5      | Entered Level 5 of the Dungeon
  4310 | D:5      | Found a shimmering altar of Xom.
  4378 | D:5      | Reached skill level 7 in Stealth
  4678 | D:5      | Found a shadowy altar of Dithmenos.
  4839 | D:5      | Reached skill level 5 in Short Blades
  5176 | D:5      | Found a burning altar of Makhleb.
  5177 | D:5      | Found a radiant altar of Vehumet.
  5415 | D:6      | Reached XP level 8. HP: 43/63 MP: 10/10
  5646 | D:6      | Found a shimmering altar of Xom.
  5647 | D:6      | Found a hazy altar of Hepliaklqana.
  5648 | D:6      | Noticed a spectral ugly thing
  5979 | D:6      | Found a snail-covered altar of Cheibriados.
  6209 | D:6      | Noticed a hippogriff
  6234 | D:6      | Killed a hippogriff
  6234 | D:6      | Reached skill level 8 in Stealth
  6413 | D:7      | Demolished by an orc warrior

Skill      XL: |  1  2  3  4  5  6  7  8 |
---------------+-------------------------+-----
Dodging        | 1 2 3 |  3.8
Fighting       | 2 3 4 |  4.2
Stealth        | 4 5 6 7 8 |  8.1
Short Blades   | 2 3 4 5 6 |  6.7
Throwing       | |  1.7

Action                   |  1- 3 |  4- 6 |  7- 9 || total
-------------------------+-------+-------+-------++-------
Melee: Dagger            |    22 |       |       ||    22
       Short sword       |    62 |   132 |   331 ||   525
  Use: Scroll            |     3 |     1 |     2 ||     6
       Potion            |     2 |       |       ||     2
 Stab: Sleeping          |     7 |     8 |     7 ||    22
       Distracted        |       |     1 |     2 ||     3
  Eat: Chunk             |     1 |     6 |    13 ||    20
       Ration            |       |     1 |     1 ||     2
Armor: Robe              |     9 |    13 |    49 ||    71
Dodge: Dodged            |    45 |    69 |   172 ||   286
